 Dungeon Crawl Stone Soup version 0.29-a0-416-g83a48905f1 (webtiles) character file.

Game seed: 6125161255036217937

9072 dolemite99 the Geomancer (level 11, 0/85 (88) HPs)
             Began as a Grey Draconian Earth Elementalist on May 17, 2022.
             Was a High Priest of Okawaru.
             Shot with an arrow by a centaur warrior (20 damage)
             ... on level 10 of the Dungeon.
             The game lasted 00:22:10 (21739 turns).

dolemite99 the Geomancer (DrEE)                    Turns: 21739, Time: 00:22:10

HP:   0/85 (88)     AC: 15    Str: 13    XL:     11   Next: 18%
MP:   8/18          EV: 12    Int: 20    God:    Okawaru [*****.]
Gold: 706           SH:  5    Dex: 12    Spells: 5/20 levels left

rFire   . . .      SeeInvis .   a - +2 fustibalus (vorpal)
rCold   . . .      Faith    +   g - +0 buckler
rNeg    . . .      Spirit   .   (body armour unavailable)
rPois   +          Reflect  .   (helmet restricted)
rElec   .          Harm     .   (no cloak)
rCorr   .          Rampage  .   (no gloves)
Will    .....                   E - +2 pair of boots "Xilaar" {Str+3}
Stlth   ++........              i - amulet of faith
HPRegen 0.24/turn               e - ring of poison resistance
MPRegen 0.16/turn               m - ring of wizardry

@: lightly drained
A: AC +12, amphibious, unfitting armour, cold-blooded
a: Renounce Religion, Heroism, Finesse, Duel


You were on level 10 of the Dungeon.
You worshipped Okawaru.
Okawaru was extremely pleased with you.
You visited 1 branch of the dungeon, and saw 10 of its levels.
You also visited: Sewer.

You collected 706 gold pieces.

Inventory:

Hand Weapons
 a - a +2 vorpal fustibalus (weapon)
 b - a +0 dagger of venom
 d - a +3 morningstar
 u - a +2 flail of draining
 w - a +0 dagger of speed
 y - a +3 hunting sling of freezing
 G - a +0 lajatang
 I - a +0 vampiric short sword
 L - a +1 whip of electrocution
Missiles
 o - 44 poisoned darts
 q - 3 throwing nets
 D - 2 boomerangs of dispersal
 K - 4 stones
Armour
 g - a +0 buckler (worn)
 r - a +0 kite shield
 C - a +2 pair of boots
 E - the +2 pair of boots "Xilaar" (worn) {Str+3}
   (Okawaru gifted it to you on level 8 of the Dungeon)

   Str:       It affects your strength (+3).
Jewellery
 e - a ring of poison resistance (left hand)
 i - an amulet of faith (around neck)
 j - a ring of protection from fire
 m - a ring of wizardry (right hand)
 x - a ring of protection from cold
 J - a +4 ring of protection
Wands
 l - a wand of iceblast (2)
 v - a wand of polymorph (12)
Scrolls
 f - a scroll of vulnerability
 h - 4 scrolls of teleportation
 n - 2 scrolls of amnesia
 p - 3 scrolls of fear
 s - 2 scrolls of blinking
Potions
 c - 2 potions of curing
 k - 4 potions of mutation
 t - 4 potions of flight
 z - 4 potions of lignification
 A - a potion of berserk rage {unknown}
 B - 3 potions of cancellation
 F - 2 potions of magic
 H - a potion of haste {unknown}


   Skills:
 + Level 5.5 Fighting
 + Level 9.0 Slings
 + Level 3.4 Dodging
 - Level 1.7 Stealth
 - Level 4.8 Shields
 - Level 5.0 Spellcasting
 - Level 5.8 Conjurations
 - Level 4.0 Hexes
 - Level 1.0 Transmutations
 - Level 10.3 Earth Magic


You had 5 spell levels left.
You knew the following spells:

 Your Spells              Type           Power      Damage    Failure   Level
a - Stone Arrow           Conj/Erth      74%        3d11      1%          3
b - Sandblast             Erth           92%        2d19      1%          1
c - Petrify               Tmut/Erth      27%        N/A       6%          4
d - Vampiric Draining     Necr           5%         2d6       17%         3
e - Cause Fear            Hex            10%        N/A       12%         4

Your spell library contained the following spells:

 Spells                   Type           Power      Damage    Failure   Level
 Passwall                 Tmut/Erth      22%        N/A       1%          2
 Apportation              Tloc           10%        N/A       6%          1
 Pain                     Necr           20%        1d5       6%          1
 Passage of Golubria      Tloc           5%         N/A       47%         4
 Yara's Violent Unravell  Hex/Tmut       7%         3d5       47%         5
 Alistair's Intoxication  Tmut/Pois      4%         N/A       75%         5
 Dragon Form              Tmut           4%         N/A       100%        7
 Tukima's Dance           Hex            Unusable   N/A       N/A         3
 Animate Skeleton         Necr           Unusable   N/A       N/A         1
 Summon Small Mammal      Summ           Unusable   N/A       N/A         1
 Dragon's Call            Summ           Unusable   N/A       N/A         9

Dungeon Overview and Level Annotations

Branches:
Dungeon (10/15)            Temple (0/1) D:5            Lair (0/6) D:8
    Orc (0/2) D:9           Sewer (visited)

Altars:
Okawaru
Wu Jian

Shops:
D:1 !


Innate Abilities, Weirdness & Mutations

Your dull iron-grey scales are very hard. (AC +12)
You are amphibious.
You cannot fit into any form of body armour.
You are cold-blooded and may be slowed by cold attacks.


Message History

The centaur warrior shoots an arrow.
The arrow hits you!
* * * LOW HITPOINT WARNING * * *
Blink to where?
Press: ? - help, Dir - move target
As you read the scroll of blinking, it crumbles to dust.
There is an open door here.
You feel better.
You feel better.
You feel better.
You feel better.
You start resting.
A centaur warrior is nearby!
Casting: Stone Arrow (safe; 1% risk of failure)
Confirm with . or Enter, or press ? or * to list all spells.
Aiming: Stone Arrow (safe; 1% risk of failure)
Press: ? - help, Shift-Dir - straight line, f - centaur warrior
Aim: a centaur warrior, wielding a +0 shortbow (heavily wounded, 81% to hit)
The stone arrow hits the centaur warrior.
The centaur warrior is heavily wounded.
The centaur warrior shoots an arrow.
The arrow barely misses you.
The centaur warrior shoots an arrow.
The arrow hits you!
Casting: Stone Arrow (safe; 1% risk of failure)
Confirm with . or Enter, or press ? or * to list all spells.
Aiming: Stone Arrow (safe; 1% risk of failure)
Press: ? - help, Shift-Dir - straight line, f/p - centaur warrior
Aim: a centaur warrior, wielding a +0 shortbow (heavily wounded, 81% to hit)
The stone arrow hits the centaur warrior!
The centaur warrior is almost dead.
You are no longer corroded.
The centaur warrior shoots an arrow.
The arrow hits you!
* * * LOW HITPOINT WARNING * * *
Casting: Stone Arrow (safe; 1% risk of failure)
Confirm with . or Enter, or press ? or * to list all spells.
Aiming: Stone Arrow (safe; 1% risk of failure)
Press: ? - help, Shift-Dir - straight line, f/p - centaur warrior
Aim: a centaur warrior, wielding a +0 shortbow (almost dead, 81% to hit)
The stone arrow misses the centaur warrior.
The centaur warrior shoots an arrow.
The arrow barely misses you.
The centaur warrior shoots an arrow.
The arrow hits you!!
You die...

#.#...#.#.....
#.#...#.#.....#
#.#...#.#.....#
#.###.+.#.....#
#...###)#.....#
#.......#.....#########
#.......#......).......
#....c..#..............
#.....#@#..............
####..#..†)..†.........
#..#..).............
#.§##############+##
#......... #.........
#.†....... #.........
..........


You could see a centaur warrior.

Vanquished Creatures
  A two-headed ogre (D:8)
  A manticore (D:9)
  Maggie (D:9)
  A hornet (D:8)
  4 slime creatures
  22 yaks
  Grum (D:9)
  A steam dragon (D:9)
  2 acid dragons
  A water moccasin (D:7)
  2 orc warriors
  A black bear (D:5)
  3 ice beasts
  An ogre (D:4)
  2 wolves (D:9)
  3 centaurs
  2 phantoms
  4 kobold brigands
  2 bullfrogs
  3 scorpions
  3 necrophages
  A gnoll sergeant (D:8)
  A wight (D:9)
  4 killer bees
  3 howler monkeys
  A lava snake (D:9)
  A jelly (D:5)
  5 hounds
  8 orc priests
  2 orc wizards
  4 gnolls (D:8)
  11 adders
  2 river rats
  A shadow imp (D:7)
  3 white imps
  An ufetubus (D:5)
  5 worms
  2 dart slugs
  49 orcs
  11 ball pythons
  15 bats
  6 endoplasms
  9 giant cockroaches
  12 goblins
  5 hobgoblins
  2 jackals (Sewer)
  17 kobolds
  4 quokkas
  6 frilled lizards
  10 rats
262 creatures vanquished.

Notes
Turn   | Place    | Note
-------+----------+-------------------------------------------
     0 | D:1      | dolemite99 the Draconian Earth Elementalist began the quest
                  | for the Orb.
     0 | D:1      | Reached XP level 1. HP: 14/14 MP: 3/3
     2 | D:1      | Noticed a demigod
     2 | D:1      | Noticed a naga
     4 | D:1      | Noticed an elf
     6 | D:1      | Noticed a felid
     8 | D:1      | Noticed a vine stalker
    10 | D:1      | Noticed a formicid
    12 | D:1      | Noticed a minotaur
    12 | D:1      | Noticed a troll
    14 | D:1      | Noticed a demonspawn
    14 | D:1      | Noticed a human
    16 | D:1      | Noticed a spriggan
    16 | D:1      | Noticed a dwarf
    18 | D:1      | Noticed a merfolk
    18 | D:1      | Noticed a tengu
    20 | D:1      | Noticed a ghoul
    20 | D:1      | Noticed a draconian
    22 | D:1      | Noticed a vampire
    22 | D:1      | Noticed a gargoyle
    24 | D:1      | Noticed an octopode
    24 | D:1      | Noticed an ogre
   509 | D:1      | Found a faded altar of an unknown god.
   557 | D:1      | Prayed at the altar of an unknown god.
   557 | D:1      | Became a worshipper of Warmaster Okawaru
   557 | D:1      | Reached * piety under Okawaru
   595 | D:1      | Reached XP level 2. HP: 6/20 MP: 0/5
  1331 | D:1      | Found Peoq's Distillery.
  1623 | D:1      | Reached skill level 4 in Earth Magic
  1943 | D:1      | Reached XP level 3. HP: 8/26 MP: 0/6
  2210 | D:1      | Learned a level 3 spell: Stone Arrow
  3388 | D:3      | Reached XP level 4. HP: 33/33 MP: 3/7
  3442 | D:3      | Reached skill level 5 in Earth Magic
  3733 | D:3      | Found an ornate altar of the Wu Jian Council.
  3750 | D:3      | Found a glowing drain.
  3782 | Sewer    | Entered a sewer
  4526 | Sewer    | Reached XP level 5. HP: 34/38 MP: 4/8
  5720 | D:4      | Reached skill level 6 in Earth Magic
  5816 | D:4      | Noticed an ice beast
  5823 | D:4      | Killed an ice beast
  5824 | D:4      | Reached XP level 6. HP: 27/45 MP: 0/9
  6341 | D:4      | Reached ** piety under Okawaru
  6342 | D:4      | Reached skill level 7 in Earth Magic
  6966 | D:4      | Reached skill level 8 in Earth Magic
  7137 | D:5      | Entered Level 5 of the Dungeon
  7140 | D:5      | Your scales start taking on a dull iron-grey colour.
  7140 | D:5      | Reached skill level 9 in Earth Magic
  7140 | D:5      | Reached XP level 7. HP: 50/50 MP: 7/10
  7146 | D:5      | Reached skill level 10 in Earth Magic
  7472 | D:5      | Found a sand-covered staircase.
  7493 | D:5      | Reached *** piety under Okawaru
  7508 | D:5      | Reached skill level 1 in Conjurations
  7641 | D:5      | Found a staircase to the Ecumenical Temple.
  9477 | D:4      | Reached XP level 8. HP: 53/57 MP: 2/12
 10085 | D:6      | Reached **** piety under Okawaru
 10420 | D:6      | Reached skill level 5 in Conjurations
 11685 | D:7      | Identified the +3 ring mail of the Lute {rN++}
 11691 | D:7      | Reached skill level 5 in Spellcasting
 12011 | D:7      | Reached skill level 1 in Slings
 13061 | D:7      | Reached XP level 9. HP: 52/62 MP: 7/16
 13182 | D:7      | Reached ***** piety under Okawaru
 13439 | D:8      | Reached skill level 5 in Slings
 13714 | D:8      | Found a staircase to the Lair.
 13892 | D:8      | Received a gift from Okawaru
 14343 | D:8      | Reached skill level 1 in Fighting
 14343 | D:8      | Reached skill level 1 in Shields
 14709 | D:7      | Reached XP level 10. HP: 33/79 MP: 2/17
 15568 | D:8      | Reached skill level 5 in Fighting
 16273 | D:8      | Learned a level 4 spell: Petrify
 16277 | D:8      | Learned a level 3 spell: Vampiric Draining
 16282 | D:8      | Learned a level 4 spell: Cause Fear
 16356 | D:8      | Noticed a two-headed ogre
 16363 | D:8      | Killed a two-headed ogre
 16363 | D:8      | Identified the +2 pair of boots "Xilaar" {Str+3} (Okawaru
                  | gifted it to you on level 8 of the Dungeon)
 16363 | D:8      | Received a gift from Okawaru
 17278 | D:9      | Noticed Maggie
 17284 | D:9      | Killed Maggie
 18317 | D:9      | Noticed Grum
 18358 | D:9      | Killed Grum
 18892 | D:9      | Noticed a manticore
 19662 | D:9      | Reached XP level 11. HP: 67/88 MP: 11/18
 21114 | D:9      | Found a staircase to the Orcish Mines.
 21273 | D:10     | Entered Level 10 of the Dungeon
 21724 | D:10     | Noticed a centaur warrior
 21739 | D:10     | Shot with an arrow by a centaur warrior

Illustrated notes

Levels and vault maps discovered:
D:1:      kb_arrival_jail, layout_basic, basic_ecumenical_altar, serial_shops,
          shop
D:2:      layout_basic, minmay_misc_feat_x
D:3:      layout_basic, nicolae_wu_jian_immortal_techniques,
          portal_sewer_entry_b, minmay_stone_trees_large, minmay_close_crescents
D:4:      layout_gridville
D:5:      layout_rooms, minmay_temple_entry_statues_fountains,
          nicolae_ossuary_entry_monument
D:6:      layout_layer_cave
D:7:      layout_rooms, grunt_tough_drop
D:8:      layout_rooms, lair_entry_dummy
D:9:      layout_rooms, hiddenorc1_lemuel, enter_bailey_3,
          amcnicky_mini_corridor_feature, roderic_lattice_a,
          kennysheep_cross_room, minivault_25, st_stairs_10, uniq_maggie,
          uniq_grum
D:10:     layout_irregular_city, due_unseen_surprise, uniq_lodul, uniq_maurice

Skill      XL: |  1  2  3  4  5  6  7  8  9 10 11 |
---------------+----------------------------------+-----
Earth Magic    | 4 5 6 9 10 | 10.3
Conjurations   | 3 5 |  5.8
Spellcasting   | 3 5 |  5.0
Slings         | 2 6 8 9 |  9.0
Fighting       | 4 5 |  5.5
Shields        | 3 4 |  4.8
Hexes          | 4 |  4.0
Dodging        | 3 |  3.4
Stealth        | |  1.7
Transmutations | |  1.0

Action                   |  1- 3 |  4- 6 |  7- 9 | 10-12 || total
-------------------------+-------+-------+-------+-------++-------
Melee: Unarmed           |     6 |       |       |       ||     6
       Tailslap          |     4 |    10 |    17 |     5 ||    36
       Dagger            |    13 |   104 |    69 |    21 ||   207
       Punch             |       |     1 |     1 |       ||     2
 Fire: Hunting sling     |       |    10 |   197 |    35 ||   242
       Fustibalus        |       |       |       |   151 ||   151
Throw: Dart              |       |     3 |       |       ||     3
 Cast: Sandblast         |    60 |    66 |    40 |       ||   166
       Stone Arrow       |       |    11 |    61 |    93 ||   165
       Petrify           |       |       |       |     2 ||     2
Invok: Heroism           |       |       |       |     3 ||     3
Evoke: Wand              |       |       |    10 |    10 ||    20
  Use: Scroll            |       |     4 |    17 |     3 ||    24
       Potion            |       |       |     2 |     5 ||     7
 Stab: Sleeping          |       |     1 |       |       ||     1
       Paralysed         |       |       |     5 |       ||     5
Armor: Skin              |    21 |    65 |   112 |    74 ||   272
Dodge: Dodged            |    34 |   140 |   142 |   133 ||   449
Block: Buckler           |       |       |       |     8 ||     8

Table legend: (Time is in decaauts)
 A = Elapsed time spent in this place.
 B = Non-inter-level travel time spent in this place.
 C = Inter-level travel time spent in this place.
 D = Time resting spent in this place.
 E = Time spent auto-exploring this place.
 F = Levels seen in this place.
 G = Mean time per level.
                   A        B        C        D        E       F      G
               +--------+--------+--------+--------+--------+-----+--------+
         Total |  22048 |  21742 |    306 |  12732 |   6254 |  11 | 2004.4 |
       Dungeon |  20218 |  19912 |    306 |  11862 |   5692 |  10 | 2021.8 |
         Sewer |   1830 |   1830 |      0 |    870 |    562 |   1 | 1830.0 |
               +--------+--------+--------+--------+--------+-----+--------+

Top non-repeatable levels by time:
     D:7: 3729 daAuts
     D:8: 3102 daAuts
     D:9: 2990 daAuts
     D:6: 2703 daAuts
     D:1: 2365 daAuts
     D:4: 1986 daAuts
   Sewer: 1830 daAuts
     D:5: 1247 daAuts
     D:3: 841 daAuts
     D:2: 778 daAuts
    D:10: 472 daAuts
